Map: Frost LE

Players

Nerchio

  • Race: Zerg Zerg

Solar - Winner!

  • Race: Zerg Zerg

Event: 2016 WCS Global Finals

VOD

Have the link to the VOD?

Description

Time

  • Played on: Oct. 28, 2016, 4:52 p.m.
  • Length: 11:13

All games in this series

Show
View Real Time Build Order
Export as new Build Order

Nerchio Zerg 

Build Orders: Hatch First 

Get SALT Encoding   

  12  0:00  Drone  
  13  0:12  Overlord  
  13  0:17  Drone  
  14  0:31  Drone x2  
  14  0:34  Drone  
  17  0:51  Hatchery  
  17  0:55  Drone  
  17  0:58  Drone  
  18  1:04  Extractor  
  17  1:14  Spawning Pool  
  17  1:17  Drone  
  17  1:20  Drone  
  18  1:28  Drone  
  19  1:38  Overlord  
  19  1:51  Drone  
  20  2:01  Zergling x2, Queen  
  22  2:03  Queen  
  22  2:04  Zergling x2  
  26  2:09  Metabolic Boost  
  26  2:17  Drone x2  
  26  2:22  Drone  
  29  2:28  Baneling Nest, Drone  
  29  2:32  Drone  
  30  2:40  Drone  
  31  2:55  Drone  
  32  2:59  Overlord  
  32  3:01  Drone  
  33  3:06  Drone, Hatchery  
  33  3:07  Drone  
  34  3:16  Zergling x2  
  34  3:17  Zergling x6  
  38  3:23  Zergling x4  
  38  3:25  Drone  
  41  3:28  Overlord  
  41  3:34  Evolution Chamber  
  41  3:36  Drone x2  
  41  3:39  Drone  
  43  3:42  Overlord  
  43  3:47  Drone  
  43  3:48  Drone  
  45  3:49  Drone  
  45  3:51  Drone  
  45  3:53  Drone  
  48  3:59  Evolution Chamber  
  48  4:02  Zerg Ground Armor Level 1  
  47  4:15  Overlord  
  47  4:16  Zergling x12  
  53  4:24  Zerg Melee Weapons Level 1  
  53  4:25  Queen, Unknown  
  55  4:37  Drone x7  
  62  4:42  Extractor  
  62  4:43  Roach Warren  
  60  4:46  Overlord  
  60  4:54  Overlord  
  60  4:57  Overlord  
  60  5:05  Spine Crawler  
  59  5:23  Roach x9  
  59  5:24  Roach x2  
  59  5:26  Overlord  
  59  5:27  Drone  
  82  5:33  Drone  
  82  5:34  Drone x3  
  86  5:38  Extractor  
  86  5:40  Lair, Unknown  
  85  5:44  Overlord  
  85  5:46  Drone  
  85  5:47  Drone x2  
  88  5:53  Drone x3  
  91  5:59  Overlord  
  91  6:07  Drone x6  
  91  6:10  Extractor  
  96  6:13  Roach x2  
  96  6:18  Roach x2  
  104  6:19  Zerg Missile Weapons Level 1  
  104  6:25  Overlord  
  104  6:28  Roach x4  
  104  6:31  Overlord  
  111  6:32  Unknown  
  111  6:33  Extractor  
  111  6:35  Overlord  
  110  6:41  Glial Reconstitution  
  110  6:43  Overseer  
  110  6:49  Roach  
  110  6:50  Roach x3  
  110  6:52  Overlord  
  118  6:57  Roach x3  
  118  7:01  Drone x2  
  125  7:02  Drone x4  
  125  7:04  Roach  
  125  7:06  Roach  
  125  7:08  Roach  
  136  7:11  Overlord  
  136  7:20  Drone x3  
  136  7:21  Overlord  
  136  7:22  Extractor  
  138  7:23  Overlord  
  138  7:27  Roach  
  138  7:28  Roach x2  
  144  7:31  Roach x2  
  144  7:34  Roach  
  150  7:40  Baneling Nest, Roach x2  
  150  7:43  Ravager x2  
  150  7:44  Ravager x2  
  157  7:46  Overlord x2  
  157  7:48  Unknown  
  157  7:52  Drone x2  
  159  8:06  Hatchery  
  159  8:09  Drone x3  
  159  8:11  Roach x5  
  171  8:14  Overlord  
  171  8:18  Overlord  
  171  8:24  Roach x4  
  179  8:28  Overlord  
  172  8:43  Roach x2  
  172  8:44  Roach x2  
  172  8:45  Roach x3  
  172  8:46  Zerg Missile Weapons Level 2  
  180  8:51  Roach x2  
  180  8:53  Ravager x7  
  189  8:56  Overseer  
  189  8:58  Roach  
  189  8:59  Roach  
  189  9:00  Roach  
  195  9:05  Roach x3  
  199  9:12  Roach  
  199  9:15  Roach x2  
  172  9:17  Roach x4  
  172  9:19  Roach x2  
  172  9:21  Roach  
  172  9:23  Roach  
  156  9:24  Roach  
  156  9:27  Roach  
  156  9:29  Roach  
  156  9:30  Roach  
  156  9:31  Roach  
  141  9:34  Roach  
  138  9:38  Roach  
  138  9:39  Roach  
  138  9:41  Roach  
  138  9:42  Ravager  
  138  9:44  Roach  
  147  9:50  Roach  
  147  9:51  Roach x2  
  147  9:52  Roach x2  
  139  9:53  Roach  
  139  9:57  Roach  
  133  10:01  Roach x2, Unknown  
  133  10:02  Roach  
  133  10:04  Ravager  
  133  10:06  Roach  
  140  10:11  Roach  
  140  10:13  Roach x2  
  146  10:17  Roach  
  146  10:19  Roach x3  
  150  10:21  Roach  
  150  10:23  Roach x2  
  146  10:29  Roach  
  146  10:31  Ravager x2  
  146  10:32  Roach  
  152  10:36  Overseer  
  152  10:39  Roach x3  
  152  10:43  Roach  
  152  10:44  Roach  
  152  10:46  Roach  
  152  10:49  Roach x3  
  149  10:50  Roach  
  149  10:53  Roach x2  
Show
View Real Time Build Order
Export as new Build Order

Solar Zerg - Winner!

Build Orders: Hatch First, Lurkers 

Get SALT Encoding   

  12  0:00  Drone  
  13  0:12  Overlord  
  13  0:17  Drone  
  14  0:30  Drone x2  
  14  0:35  Drone  
  17  0:51  Hatchery  
  17  0:54  Drone  
  17  0:58  Drone  
  18  1:11  Spawning Pool  
  18  1:14  Drone  
  18  1:18  Drone  
  19  1:19  Extractor  
  18  1:27  Drone  
  19  1:39  Overlord  
  19  1:55  Drone  
  19  1:58  Queen  
  22  2:01  Zergling x2  
  22  2:03  Zergling x2, Queen  
  26  2:11  Drone  
  26  2:15  Drone  
  28  2:24  Drone  
  28  2:26  Drone  
  28  2:29  Spine Crawler  
  29  2:34  Drone  
  30  2:37  Overlord  
  30  2:38  Queen  
  33  2:45  Drone  
  33  2:46  Lair  
  33  2:48  Drone  
  35  2:55  Drone  
  35  2:57  Drone  
  37  3:04  Drone  
  37  3:05  Evolution Chamber  
  36  3:06  Drone  
  36  3:07  Roach Warren  
  36  3:08  Drone  
  36  3:10  Drone  
  38  3:13  Drone  
  38  3:18  Drone, Evolution Chamber  
  39  3:21  Drone  
  39  3:23  Extractor  
  39  3:24  Drone  
  40  3:27  Drone  
  40  3:28  Extractor  
  40  3:31  Zerg Missile Weapons Level 1  
  40  3:35  Overlord  
  40  3:38  Drone  
  40  3:39  Drone  
  40  3:41  Drone  
  43  3:43  Drone  
  43  3:46  Glial Reconstitution  
  44  3:54  Drone x3  
  47  3:59  Drone, Overlord  
  47  4:00  Drone  
  49  4:03  Roach  
  49  4:06  Overseer  
  51  4:21  Hatchery  
  51  4:23  Roach x2  
  54  4:26  Overlord  
  54  4:28  Roach  
  56  4:32  Roach x2  
  56  4:35  Overlord  
  60  4:40  Overlord  
  60  4:44  Drone  
  61  4:46  Roach x3  
  61  4:48  Overlord  
  61  4:52  Overlord  
  67  4:54  Roach  
  67  4:55  Roach  
  67  4:56  Roach x2  
  67  4:59  Roach  
  77  5:03  Overlord  
  77  5:08  Roach  
  79  5:19  Hatchery  
  78  5:22  Roach x3  
  78  5:24  Drone  
  78  5:25  Drone  
  78  5:27  Drone  
  87  5:35  Zerg Missile Weapons Level 2  
  87  5:37  Zerg Ground Armor Level 1  
  87  5:39  Roach  
  87  5:42  Overlord  
  89  5:47  Roach x2  
  89  5:49  Roach  
  95  5:54  Drone x2  
  95  5:55  Drone  
  95  5:56  Roach  
  100  5:58  Drone  
  100  6:00  Drone  
  100  6:01  Roach  
  100  6:02  Drone  
  100  6:03  Drone  
  104  6:08  Drone x2  
  106  6:16  Extractor, Overlord  
  105  6:19  Ravager  
  105  6:21  Drone  
  105  6:22  Drone x3  
  105  6:24  Hydralisk Den  
  108  6:30  Overlord  
  108  6:32  Roach x3  
  114  6:39  Drone  
  115  6:40  Drone x2  
  117  6:49  Roach x2  
  117  6:50  Overlord  
  121  6:54  Drone, Lurker Den  
  121  6:57  Extractor  
  121  7:00  Drone x2, Overlord  
  123  7:07  Hydralisk x3  
  123  7:08  Hydralisk  
  131  7:09  Hydralisk  
  131  7:12  Drone x2  
  131  7:13  Roach x2  
  131  7:15  Overlord  
  139  7:23  Roach x3, Extractor  
  139  7:24  Roach  
  139  7:25  Drone x2  
  148  7:31  Drone  
  148  7:32  Drone  
  148  7:34  Drone  
  148  7:36  Overlord  
  151  7:37  Roach x3  
  151  7:42  Roach x2  
  161  7:44  Drone  
  161  7:47  Overlord  
  162  8:05  Roach x3, Hatchery  
  168  8:06  Overlord  
  168  8:07  Roach x4  
  168  8:08  Ravager x2  
  168  8:09  Overlord  
  177  8:13  Overlord  
  177  8:17  Overlord  
  177  8:20  Overlord  
  177  8:25  Lurker  
  178  8:28  Lurker x2  
  178  8:29  Lurker x2  
  178  8:33  Roach x3  
  188  8:34  Overlord  
  188  8:35  Overlord  
  188  8:38  Drone x2  
  188  8:39  Drone x3  
  188  8:40  Drone  
  188  8:46  Drone x2  
  192  8:48  Roach x2  
  192  8:53  Muscular Augments  
  192  9:00  Hydralisk x3  
  198  9:06  Hydralisk  
  199  9:13  Hydralisk x4  
  190  9:17  Hydralisk  
  190  9:19  Hydralisk  
  190  9:22  Hydralisk  
  172  9:25  Hydralisk  
  172  9:28  Hydralisk  
  166  9:33  Ravager  
  166  9:34  Ravager x2  
  166  9:35  Ravager  
  166  9:36  Roach x3  
  172  9:39  Roach x2  
  172  9:41  Ravager x2  
  172  9:43  Roach x2  
  176  9:49  Roach x3  
  176  9:52  Roach  
  175  9:55  Roach x2  
  175  9:58  Roach  
  172  10:01  Roach  
  172  10:03  Roach  
  176  10:08  Lurker  
  176  10:09  Ravager  
  176  10:10  Roach  
  177  10:15  Roach x5  
  177  10:18  Roach  
  177  10:19  Roach  
  191  10:22  Roach x2  
  191  10:25  Roach x2  
  195  10:29  Lurker  
  196  10:38  Roach  
  196  10:39  Roach x3  
  196  10:41  Roach  
  197  10:44  Roach x2  
  197  10:45  Roach, Extractor x2  
  197  10:48  Roach x3  
  195  10:51  Roach x2  
  195  10:53  Roach  
  195  10:56  Lurker  
Tags
 
Add a new tag
Caveats
  • Supply blocks, unpowered buildings, or Contaminate may cause inaccurate times.
  • Supply counts are checked every 10 seconds.